 Dungeon Crawl Stone Soup version 0.22.1-1-ga44c0e56f4 (webtiles) character file.

229 Nixze the Caller (level 5, -2/28 HPs)
             Began as a Deep Elf Summoner on Oct 29, 2018.
             Killed by divine providence
             ... invoked by an orc priest
              (16 damage)
             ... on level 4 of the Dungeon.
             The game lasted 00:17:25 (4223 turns).

Nixze the Caller (Deep Elf Summoner)                Turns: 4223, Time: 00:17:26

Health: -2/28      AC:  3    Str:  5    XL:     5   Next: 71%
Magic:  7/11       EV: 13    Int: 21    God:
Gold:   188        SH:  0    Dex: 15    Spells: 1/10 levels left

rFire    . . .     SeeInvis .   o - +0 spear
rCold    . . .     Gourm    .   (no shield)
rNeg     . . .     Faith    .   a - +0 robe
rPois    .         Spirit   .   (no helmet)
rElec    .         Reflect  .   (no cloak)
rCorr    +         Harm     +   (no gloves)
MR       .....                  p - +0 pair of boots
Stlth    ++........             k - amulet of harm
HPRegen  0.09/turn              u - ring of resist corrosion
MPRegen  0.12/turn              n - ring of wizardry

@: no status effects
A: no striking features
a: no special abilities


You were on level 4 of the Dungeon.
You were not hungry.

You visited 1 branch of the dungeon, and saw 4 of its levels.

You collected 188 gold pieces.

Inventory:

Hand Weapons
 g - a +1 dagger
 o - a +0 spear (weapon)
Missiles
 e - 128 stones (quivered)
Armour
 a - a +0 robe (worn)
 p - a +0 pair of boots (worn)
Jewellery
 i - an uncursed ring of positive energy
 k - an amulet of harm (around neck)
 n - a ring of wizardry (right hand)
 u - a ring of resist corrosion (left hand)
Wands
 q - a wand of disintegration (9)
 t - a wand of random effects (23)
Scrolls
 f - a scroll of amnesia
 j - a scroll of immolation
 l - 3 scrolls of remove curse
 m - a scroll of teleportation
 v - 2 scrolls of enchant weapon
 x - 2 scrolls of identify {unknown}
Potions
 b - a potion of curing
 d - 2 potions of degeneration {unknown}
 h - 3 potions of lignification {unknown}
 r - 2 potions of heal wounds {unknown}
 s - a potion of magic {unknown}
 w - a potion of experience {unknown}
Comestibles
 c - 7 rations


   Skills:
 + Level 1.7 Polearms
 - Level 2.4 Dodging
 - Level 2.4 Stealth
 - Level 3.0 Spellcasting
 + Level 7.1 Summonings


You had one spell level left.
You knew the following spells:

 Your Spells              Type           Power        Failure   Level  Hunger
a - Summon Ice Beast      Ice/Summ       ###.....     12%         4    ####...
b - Call Imp              Summ           ####....     1%          2    ##.....
c - Call Canine Familiar  Summ           ####....     1%          3    ###....

Your spell library contained the following spells:

 Spells                   Type           Power        Failure   Level  Hunger
 Summon Small Mammal      Summ           ####         1%          1    None
 Summon Guardian Golem    Hex/Summ       ###.....     4%          3    ###....
 Summon Lightning Spire   Summ/Air       ###.....     12%         4    ####...


Dungeon Overview and Level Annotations

Branches:
Dungeon (4/15)
 Temple: D:4-7

Altars:
Ashenzari
Dithmenos
Uskayaw


Message History

The orc priest calls down the wrath of Beogh upon you.
Pain shoots through your body!
Casting: Summon Ice Beast (safe; 12% risk of failure)
Confirm with . or Enter, or press ? or * to list all spells.
A chill wind blows around you.
You swap places.
The orc priest closely misses your ice beast.
You are too injured to fight recklessly!
You are too injured to fight recklessly!
You are too injured to fight recklessly!
An orc priest is nearby!
Attack whom?
Press: ? - help, Dir - move target cursor, f - orc priest
Aim: an orc priest You reach to attack!
You barely miss the orc priest.
Your ice beast hits the orc priest.
Your ice beast freezes the orc priest!
The orc priest calls down the wrath of Beogh upon you.
Beogh smites you!
Ouch! That really hurt!
You die...

#########............#
#########............#
.........†...........#
################.....#
#.....#.. #.........
.<# #.#####.... #.#
####.#######+# #.#
##### #.oY@....# #..
#...# #.##.....# #.##
#...# #. #..#### #..
#...# #. ##.# #.#
#...# #. #.# #<# ....#
#. #.# #.# ....# #.
#.# #>+ )...# #. #.#
#.# ....# #.# #.####


You could see an orc priest and a friendly ice beast.

Vanquished Creatures
  A howler monkey (D:4)
  2 goblins
  A hobgoblin (D:3)
  A kobold (D:2)
  A frilled lizard (D:1)
  A rat (D:1)
7 creatures vanquished.

Vanquished Creatures (collateral kills)
  A scorpion (D:4)
  A jelly (D:2)
  An orc priest (D:4)
  An orc wizard (D:4)
  An iguana (D:4)
  A worker ant (D:4)
  A howler monkey zombie (D:3)
  3 gnolls (D:2)
  3 adders (D:2)
  An adder skeleton (D:4)
  A worm (D:3)
  2 dart slugs
  A leopard gecko (D:1)
  11 orcs
  4 bats
  A giant cockroach (D:3)
  3 goblins
  2 hobgoblins (D:2)
  8 jackals
  4 kobolds
  3 quokkas (D:3)
  A ball python (D:3)
  13 frilled lizards
  7 rats
75 creatures vanquished.

Grand Total: 82 creatures vanquished

Notes
Turn   | Place    | Note
-------+----------+-------------------------------------------
     0 | D:1      | Nixze the Deep Elf Summoner began the quest for the Orb.
     0 | D:1      | Reached XP level 1. HP: 10/10 MP: 6/6
   256 | D:1      | Reached XP level 2. HP: 13/15 MP: 2/8
   360 | D:1      | Reached skill level 5 in Summonings
   375 | D:1      | Learned a level 2 spell: Call Imp
  1227 | D:2      | Reached XP level 3. HP: 15/19 MP: 2/9
  1284 | D:2      | Learned a level 3 spell: Call Canine Familiar
  1638 | D:2      | Reached skill level 6 in Summonings
  1645 | D:2      | Reached XP level 4. HP: 13/24 MP: 2/10
  2316 | D:2      | Found a shattered altar of Ashenzari.
  2317 | D:2      | Found a shadowy altar of Dithmenos.
  2386 | D:3      | Learned a level 4 spell: Summon Ice Beast
  2507 | D:3      | Found a hide-covered altar of Uskayaw.
  3236 | D:3      | Found a faded altar of an unknown god.
  3599 | D:4      | Reached skill level 1 in Polearms
  3599 | D:4      | Reached XP level 5. HP: 28/28 MP: 7/11
  4055 | D:4      | Reached skill level 7 in Summonings
  4223 | D:4      | Killed from afar by an orc priest

Skill      XL: |  1  2  3  4  5 |
---------------+----------------+-----
Summonings     | 5 6 7 |  7.1
Polearms       | 1 |  1.7
Dodging        | |  2.4
Stealth        | |  2.4
Spellcasting   | |  3.0

Action                   |  1- 3 |  4- 6 || total
-------------------------+-------+-------++-------
Melee: Dagger            |    37 |       ||    37
       Spear             |       |    34 ||    34
       Whip              |       |    11 ||    11
Throw: Stone             |       |     1 ||     1
 Cast: Summon Small Mamm |    19 |       ||    19
       Call Imp          |    21 |     7 ||    28
       Call Canine Famil |     4 |    10 ||    14
       Summon Ice Beast  |       |     9 ||     9
  Use: Potion            |     1 |       ||     1
       Scroll            |       |     7 ||     7
 Stab: Sleeping          |     3 |       ||     3
  Eat: Chunk             |     3 |     9 ||    12
       Ration            |       |     1 ||     1
Armor: Robe              |     3 |    11 ||    14
Dodge: Dodged            |    38 |    24 ||    62
